[ PARTIDA AOE2 · #513826031 ]
UnrankedBúlgaros vs Burgundians
Equipo del jugador · VICT
Equipo rival · DERR
[ ANÁLISIS DE REPETICIÓN · EXTRAÍDO DE LA PARTIDA GRABADA ]
Feudal
9:47
Castillos
24:34
Imperial
—
| APM promedio | 23.6 |
| APM pico | 43 |
| eAPM promedio | 16.4 |
| Aldeanos / militares | 78 / 68 |
Foco
⚔️ 37.1% · 🌾 62.9%
Militia ×44 · Konnik ×9 · Spearman ×8 · Skirmisher ×7
Feudal
10:36
Castillos
27:02
Imperial
—
| APM promedio | 40.5 |
| APM pico | 76 |
| eAPM promedio | 18.7 |
| Aldeanos / militares | 70 / 53 |
Foco
⚔️ 31.5% · 🌾 68.5%
Archer ×18 · Knight ×11 · Scout Cavalry ×10 · Skirmisher ×5 · Militia ×4 · Flemish Militia ×4
Mapa de la partida
Recursos iniciales + cada clic de construcción. Líneas = muros · curvas = relieve. ◆ oro · ⬟ piedra · ● bayas · ✦ reliquia · ◌ hueco del cierre
Tu base· Abierta — flanco sin cerrar
Base de dom· Abierta — flanco sin cerrar
Terreno inicial suavizado · ◌ = hueco del cierre detectado · pasá el cursor para detalles
Inputs por minuto
— Ares - - dom
Build order — Ares
Primeras 150 de 249 acciones detectadas
| 0:00 | Encolar | Villager (Male) |
| 0:01 | Encolar | Villager (Male) |
| 0:01 | Encolar | Villager (Male) |
| 0:02 | Construir | House |
| 0:04 | Construir | House |
| 0:05 | Encolar | Villager (Male) |
| 0:31 | Investigar | Loom |
| 0:56 | Encolar | Villager (Male) |
| 1:00 | Investigar | Loom |
| 1:15 | Encolar | Villager (Male) |
| 1:15 | Encolar | Villager (Male) |
| 1:22 | Encolar | Villager (Male) |
| 1:59 | Encolar | Villager (Male) |
| 2:55 | Encolar | Villager (Male) |
| 2:58 | Encolar | Villager (Male) |
| 3:44 | Construir | Lumber Camp |
| 3:52 | Encolar | Villager (Male) |
| 3:53 | Encolar | Villager (Male) |
| 3:54 | Encolar | Villager (Male) |
| 3:59 | Construir | House |
| 4:06 | Construir | House |
| 4:50 | Encolar | Villager (Male) |
| 4:50 | Encolar | Villager (Male) |
| 5:30 | Encolar | Villager (Male) |
| 5:31 | Encolar | Villager (Male) |
| 5:55 | Encolar | Villager (Male) |
| 6:37 | Construir | Mill |
| 6:47 | Encolar | Villager (Male) |
| 7:37 | Investigar | Feudal Age |
| 8:17 | Encolar | Villager (Male) |
| 8:26 | Construir | Mining Camp |
| 8:48 | Encolar | Villager (Male) |
| 9:26 | Construir | House |
| 9:29 | Construir | House |
| 9:42 | Encolar | Villager (Male) |
| 9:47 | Edad | Edad Feudal |
| 10:11 | Construir | Barracks |
| 10:22 | Investigar | Double-Bit Axe |
| 10:29 | Encolar | Villager (Male) |
| 10:42 | Encolar | Militia |
| 10:42 | Encolar | Militia |
| 11:00 | Construir | Blacksmith |
| 11:02 | Encolar | Villager (Male) |
| 11:12 | Encolar | Militia |
| 11:45 | Encolar | Militia |
| 12:01 | Encolar | Militia |
| 12:28 | Construir | Farm |
| 12:28 | Construir | Farm |
| 12:29 | Construir | Farm |
| 12:29 | Construir | Farm |
| 12:29 | Construir | Farm |
| 12:29 | Construir | Farm |
| 12:30 | Construir | Farm |
| 12:52 | Construir | Lumber Camp |
| 13:28 | Construir | Farm |
| 13:45 | Encolar | Militia |
| 14:02 | Investigar | Scale Mail Armor |
| 14:12 | Construir | Farm |
| 14:17 | Construir | Mill |
| 14:22 | Encolar | Villager (Male) |
| 14:43 | Construir | Farm |
| 14:45 | Encolar | Militia |
| 14:56 | Encolar | Militia |
| 15:12 | Construir | Farm |
| 15:14 | Construir | Farm |
| 15:16 | Encolar | Villager (Male) |
| 15:27 | Construir | Watch Tower |
| 15:32 | Construir | Lumber Camp |
| 15:38 | Encolar | Militia |
| 15:39 | Encolar | Villager (Male) |
| 16:00 | Construir | House |
| 16:01 | Construir | House |
| 16:08 | Encolar | Villager (Male) |
| 16:31 | Construir | House |
| 16:39 | Construir | House |
| 16:52 | Investigar | Fletching |
| 16:53 | Investigar | Forging |
| 17:15 | Encolar | Villager (Male) |
| 17:26 | Encolar | Militia |
| 17:30 | Encolar | Spearman |
| 17:36 | Construir | Archery Range |
| 17:54 | Encolar | Villager (Male) |
| 18:00 | Encolar | Villager (Male) |
| 18:06 | Encolar | Skirmisher |
| 18:06 | Encolar | Skirmisher |
| 18:41 | Encolar | Militia |
| 18:42 | Encolar | Militia |
| 19:17 | Encolar | Villager (Male) |
| 19:18 | Encolar | Villager (Male) |
| 19:28 | Encolar | Villager (Male) |
| 19:34 | Encolar | Skirmisher |
| 19:34 | Encolar | Skirmisher |
| 19:57 | Encolar | Villager (Male) |
| 20:05 | Encolar | Skirmisher |
| 20:05 | Encolar | Skirmisher |
| 20:07 | Encolar | Villager (Male) |
| 20:10 | Construir | Archery Range |
| 20:17 | Encolar | Skirmisher |
| 20:54 | Construir | Farm |
| 20:55 | Construir | Farm |
| 20:58 | Construir | Farm |
| 21:00 | Construir | Farm |
| 21:01 | Construir | Farm |
| 21:21 | Construir | Mining Camp |
| 21:54 | Investigar | Castle Age |
| 22:09 | Construir | House |
| 22:10 | Construir | House |
| 22:40 | Encolar | Militia |
| 22:40 | Encolar | Militia |
| 22:41 | Encolar | Militia |
| 22:41 | Encolar | Militia |
| 22:43 | Encolar | Villager (Male) |
| 22:55 | Encolar | Militia |
| 22:55 | Encolar | Militia |
| 23:00 | Construir | Barracks |
| 23:32 | Encolar | Militia |
| 23:32 | Encolar | Militia |
| 23:34 | Investigar | Arson |
| 23:46 | Investigar | Arson |
| 23:46 | Encolar | Militia |
| 24:09 | Encolar | Militia |
| 24:09 | Encolar | Militia |
| 24:11 | Encolar | Villager (Male) |
| 24:34 | Edad | Edad de los Castillos |
| 24:47 | Encolar | Militia |
| 25:16 | Encolar | Militia |
| 25:55 | Investigar | Gambesons |
| 25:56 | Investigar | Squires |
| 26:04 | Investigar | Squires |
| 26:08 | Construir | Farm |
| 26:10 | Construir | Farm |
| 26:15 | Construir | Town Center |
| 26:23 | Construir | Town Center |
| 26:35 | Encolar | Militia |
| 26:35 | Encolar | Militia |
| 27:08 | Encolar | Militia |
| 27:08 | Encolar | Militia |
| 27:19 | Encolar | Militia |
| 27:35 | Encolar | Villager (Male) |
| 27:41 | Encolar | Spearman |
| 27:42 | Encolar | Spearman |
| 28:04 | Construir | Castle |
| 28:18 | Construir | Palisade Wall |
| 28:25 | Construir | House |
| 28:26 | Construir | Palisade Wall |
| 28:34 | Encolar | Villager (Male) |
| 28:34 | Encolar | Villager (Male) |
| 28:34 | Encolar | Villager (Male) |
| 28:53 | Construir | Farm |
| 29:04 | Construir | Farm |
Build order — dom
Primeras 150 de 202 acciones detectadas
| 0:01 | Encolar | Villager (Male) |
| 0:01 | Encolar | Villager (Male) |
| 0:01 | Encolar | Villager (Male) |
| 0:04 | Construir | House |
| 0:05 | Construir | House |
| 0:07 | Encolar | Villager (Male) |
| 1:33 | Encolar | Villager (Male) |
| 2:00 | Encolar | Villager (Male) |
| 2:14 | Construir | Lumber Camp |
| 2:15 | Encolar | Villager (Male) |
| 3:15 | Encolar | Villager (Male) |
| 3:16 | Encolar | Villager (Male) |
| 3:37 | Construir | House |
| 3:48 | Encolar | Villager (Male) |
| 3:48 | Encolar | Villager (Male) |
| 4:44 | Construir | House |
| 4:53 | Construir | Mill |
| 4:54 | Encolar | Villager (Male) |
| 5:09 | Encolar | Villager (Male) |
| 5:33 | Encolar | Villager (Male) |
| 5:52 | Encolar | Villager (Male) |
| 6:27 | Encolar | Villager (Male) |
| 6:47 | Encolar | Villager (Male) |
| 7:29 | Encolar | Villager (Male) |
| 7:47 | Investigar | Loom |
| 8:26 | Investigar | Feudal Age |
| 9:14 | Construir | House |
| 9:25 | Construir | Barracks |
| 10:06 | Encolar | Villager (Male) |
| 10:36 | Edad | Edad Feudal |
| 10:44 | Encolar | Villager (Male) |
| 10:54 | Construir | Watch Tower |
| 10:57 | Encolar | Militia |
| 11:02 | Construir | Stable |
| 11:12 | Encolar | Militia |
| 11:18 | Encolar | Villager (Male) |
| 11:18 | Encolar | Villager (Male) |
| 11:22 | Construir | House |
| 11:24 | Construir | Lumber Camp |
| 11:32 | Construir | Mining Camp |
| 11:33 | Encolar | Villager (Male) |
| 11:33 | Encolar | Villager (Male) |
| 11:37 | Encolar | Scout Cavalry |
| 11:56 | Encolar | Scout Cavalry |
| 11:59 | Encolar | Spearman |
| 12:15 | Construir | Mining Camp |
| 12:15 | Encolar | Villager (Male) |
| 12:16 | Encolar | Villager (Male) |
| 12:26 | Investigar | Double-Bit Axe |
| 13:00 | Encolar | Scout Cavalry |
| 13:06 | Encolar | Villager (Male) |
| 13:07 | Encolar | Villager (Male) |
| 13:17 | Encolar | Flemish Militia |
| 13:34 | Construir | Archery Range |
| 14:11 | Construir | House |
| 14:22 | Encolar | Skirmisher |
| 14:25 | Encolar | Archer |
| 14:42 | Encolar | Scout Cavalry |
| 14:44 | Encolar | Villager (Male) |
| 14:44 | Encolar | Villager (Male) |
| 14:45 | Encolar | Villager (Male) |
| 14:56 | Construir | Watch Tower |
| 15:00 | Encolar | Archer |
| 15:21 | Investigar | Bow Saw |
| 15:46 | Construir | House |
| 15:51 | Construir | Farm |
| 15:51 | Construir | Farm |
| 15:51 | Construir | Farm |
| 16:44 | Encolar | Archer |
| 17:16 | Encolar | Archer |
| 17:18 | Encolar | Villager (Male) |
| 18:03 | Encolar | Archer |
| 18:05 | Encolar | Villager (Male) |
| 18:10 | Construir | Farm |
| 18:13 | Construir | Farm |
| 18:13 | Construir | Farm |
| 18:17 | Construir | Farm |
| 18:17 | Construir | Farm |
| 18:18 | Construir | Farm |
| 18:29 | Encolar | Archer |
| 19:28 | Encolar | Villager (Male) |
| 19:28 | Encolar | Villager (Male) |
| 19:35 | Encolar | Scout Cavalry |
| 19:48 | Construir | House |
| 19:54 | Construir | Farm |
| 19:56 | Construir | Farm |
| 19:59 | Construir | Farm |
| 20:11 | Construir | House |
| 20:20 | Investigar | Horse Collar |
| 20:22 | Encolar | Villager (Male) |
| 20:22 | Encolar | Villager (Male) |
| 20:28 | Construir | Farm |
| 20:28 | Construir | Farm |
| 20:28 | Construir | Farm |
| 20:42 | Encolar | Villager (Male) |
| 20:56 | Construir | Mining Camp |
| 21:06 | Construir | Farm |
| 21:06 | Construir | Farm |
| 21:07 | Construir | Farm |
| 21:33 | Investigar | Wheelbarrow |
| 22:08 | Encolar | Scout Cavalry |
| 22:12 | Construir | Farm |
| 22:17 | Construir | Mill |
| 22:19 | Construir | Farm |
| 22:32 | Encolar | Archer |
| 22:42 | Construir | Watch Tower |
| 22:55 | Investigar | Hand Cart |
| 23:50 | Construir | Watch Tower |
| 24:18 | Encolar | Archer |
| 24:22 | Investigar | Castle Age |
| 24:37 | Construir | Watch Tower |
| 24:48 | Encolar | Archer |
| 24:52 | Encolar | Militia |
| 25:50 | Encolar | Scout Cavalry |
| 26:12 | Construir | Watch Tower |
| 26:26 | Encolar | Scout Cavalry |
| 26:30 | Encolar | Militia |
| 26:32 | Encolar | Flemish Militia |
| 26:34 | Encolar | Skirmisher |
| 26:34 | Encolar | Skirmisher |
| 26:40 | Encolar | Villager (Male) |
| 26:41 | Encolar | Villager (Male) |
| 26:57 | Encolar | Flemish Militia |
| 27:02 | Edad | Edad de los Castillos |
| 27:07 | Encolar | Knight |
| 27:17 | Encolar | Flemish Militia |
| 27:21 | Encolar | Archer |
| 27:24 | Investigar | Crossbowman (upgrade) |
| 27:32 | Encolar | Villager (Male) |
| 27:32 | Encolar | Villager (Male) |
| 27:46 | Construir | Town Center |
| 28:10 | Encolar | Knight |
| 28:14 | Construir | Blacksmith |
| 28:18 | Investigar | Heavy Plow |
| 28:35 | Encolar | Archer |
| 28:44 | Encolar | Villager (Male) |
| 28:44 | Encolar | Villager (Male) |
| 29:01 | Encolar | Knight |
| 29:02 | Investigar | Fletching |
| 29:23 | Encolar | Skirmisher |
| 29:31 | Encolar | Villager (Male) |
| 29:31 | Encolar | Villager (Male) |
| 29:31 | Encolar | Villager (Male) |
| 29:58 | Encolar | Archer |
| 30:12 | Encolar | Villager (Male) |
| 30:12 | Encolar | Villager (Male) |
| 30:20 | Encolar | Villager (Male) |
| 30:28 | Construir | House |
| 30:33 | Construir | House |
| 30:52 | Investigar | Scale Mail Armor |
Cronología de la partida
| 9:25 | dom · first_building Barracks |
| 9:47 | Ares · age_up feudal |
| 10:11 | Ares · first_building Barracks |
| 10:36 | dom · age_up feudal |
| 11:02 | dom · first_building Stable |
| 13:34 | dom · first_building Archery Range |
| 17:36 | Ares · first_building Archery Range |
| 24:34 | Ares · age_up castle |
| 27:02 | dom · age_up castle |
| 28:04 | Ares · first_building Castle |
| 28:18 | Ares · wall_segment Palisade Wall x1 |
| 28:26 | Ares · wall_segment Palisade Wall x1 |
| 35:37 | Ares · first_building Monastery |
| 38:30 | dom · resign |
[ ANÁLISIS IA · 1 CRÉDITO ]
¿Qué pasó realmente en esta partida?
Wolo.gg analiza cada decisión: build order, eco, micro, errores típicos por bracket. Análisis personalizado por WhatsApp o Discord en 30 segundos.
Guía civ
Búlgaros
Perfil
Jugador #17992396